AoeStats
← Jer

Arabia

508072771Analyzed
2v2 RM · 10d ago on Sep 20, 2026· 47m 13s· 4 players
Game mode
Random Map
Map size
Medium (4 player)
Population
200
Speed
Normal
Resources
Standard
Victory
Conquest
Starting age
Dark Age
Ending age
Imperial Age
RankedLock teamsTeams togetherTeam positionsShared explorationLock speedFull tech treeHidden civsTurbo modeCheats
Victory
Defeat
🇬🇧 Hindustanis · United Kingdom
1061
+14
🇦🇷 Maya · Argentina
1031
+14
🇷🇺 Persians · Russia
1013
-14
🇷🇺 Hindustanis · Russia
1003
-14
Felinehen123
6:56 Loom
7:17 Loom
10:02 Feudal Age
17:13 Castle Age
15:49 Horse Collar
16:40 Double-Bit Axe
17:10 Scale Barding Armor
21:29 Bloodlines
24:48 Gold Mining
29:48 Wheelbarrow
35:28 Imperial Age
33:45 Hand Cart
34:46 Heavy Plow
35:12 Husbandry
35:29 Forging
35:35 Heavy Camel Rider
37:24 Chemistry
37:13 Conscription
37:22 Chain Barding Armor
37:04 Padded Archer Armor
37:42 Iron Casting
39:36 Imperial Camel Rider
42:03 Blast Furnace
41:29 Grand Trunk Road
42:11 Ballistics
44:30 Shatagni
44:33 Padded Archer Armor
45:29 Leather Archer Armor
45:53 Hoardings
46:53 Ring Archer Armor
TiraFlechas1861
0:31 Loom
10:22 Feudal Age
11:31 Double-Bit Axe
12:23 Gold Mining
16:29 Fletching
19:52 Castle Age
18:17 Horse Collar
20:19 Wheelbarrow
20:33 Bodkin Arrow
20:00 Crossbowman
21:57 Bow Saw
22:22 Padded Archer Armor
23:09 Hand Cart
26:15 Leather Archer Armor
26:35 Thumb Ring
28:39 Town Watch
30:09 Town Patrol
32:42 Man-at-Arms
32:43 Pikeman
33:23 Squires
33:24 Long Swordsman
34:16 Forging
34:06 Scale Mail Armor
35:53 Ballistics
37:46 Arson
38:21 Chain Mail Armor
38:41 Iron Casting
42:35 Imperial Age
42:54 Arbalester
44:31 Bracer
48:50 Chemistry
Jer
12:12 Feudal Age
12:54 Loom
14:41 Horse Collar
18:25 Castle Age
21:17 Gold Mining
24:27 Fletching
26:03 Husbandry
27:13 Bloodlines
27:48 Double-Bit Axe
28:25 Scale Barding Armor
28:18 Bodkin Arrow
29:30 Parthian Tactics
29:33 Scale Barding Armor
32:24 Bow Saw
32:56 Gold Shaft Mining
33:18 Ballistics
34:12 Wheelbarrow
36:26 Chain Barding Armor
38:50 Thumb Ring
44:17 Imperial Age
45:45 Chemistry
45:03 Heavy Cavalry Archer
Nihad 愛
0:47 Loom
12:08 Feudal Age
14:46 Horse Collar
14:53 Double-Bit Axe
15:01 Gold Mining
21:11 Castle Age
30:48 Squires
31:19 Town Watch
32:25 Scale Mail Armor
32:36 Forging
35:05 Chain Mail Armor
36:43 Heavy Plow
37:00 Arson
39:06 Forging
41:06 Iron Casting
39:55 Pikeman
Connection lost

Rejoining the realm…

Still unreachable

The connection could not be restored.

Session expired

The server has moved on; the page needs a fresh start.